 Dungeon Crawl Stone Soup version 0.31-a0-319-g4fced400ed (webtiles) character file.

Game seed: 13087192971302860257

14695 juan097 the Slicer (level 11, 0/97 HPs)
             Began as a Pale Draconian Brigand on July 17, 2023.
             Was a High Priest of Okawaru.
             Slain by a catoblepas (25 damage)
             ... on level 3 of the Lair of Beasts.
             The game lasted 00:28:38 (13662 turns).

juan097 the Slicer (Pale Draconian Brigand)        Turns: 13662, Time: 00:28:39

Health: 0/97       AC: 11    Str: 15    XL:     11   Next: 92%
Magic:  16/17      EV: 19    Int: 16    God:    Okawaru [*****.]
Gold:   195        SH:  0    Dex: 16    Spells: 10/10 levels left

rFire   x . .        a - +3 rapier (venom)
rCold   + . .        (no shield)
rNeg    + . .        (body armour unavailable)
rPois   .            (helmet restricted)
rElec   .            L - +2 cloak "Aruw" {rCorr Int+5 SInv}
rCorr   +            z - +0 pair of gloves
SInv    +            (no boots)
Will    .....        (no amulet)
Stlth   +++++        h - ring of ice
HPRegen 0.36/turn    C - ring of positive energy
MPRegen 0.15/turn

%: no passive effects
@: heroic
A: breathe steam, AC +7, unfitting armour, cold-blooded, steam resistance
a: Breathe Steam, Renounce Religion, Heroism, Finesse, Duel


You were on level 3 of the Lair of Beasts.
You worshipped Okawaru.
Okawaru was extremely pleased with you.
You visited 2 branches of the dungeon, and saw 11 of its levels.

You collected 499 gold pieces.
You spent 304 gold pieces at shops.

Inventory:

Hand Weapons
 a - a +3 rapier of venom (weapon)
 b - a +2 heavy orcbow
 i - a +2 dagger
 B - a +0 sling
Missiles
 c - 8 poisoned darts (quivered)
 t - a throwing net
 y - 5 javelins
 A - 7 boomerangs
 D - 2 datura-tipped darts
Armour
 z - a +0 pair of gloves (worn)
 L - the +2 cloak "Aruw" (worn) {rCorr Int+5 SInv}
   (You bought it in a shop on level 4 of the Dungeon)

   Int:       It affects your intelligence (+5).
   SInv:      It lets you see invisible.
   rCorr:     It protects you from acid and corrosion.
Jewellery
 h - a ring of ice (left hand)
 C - a ring of positive energy (right hand)
Wands
 x - a wand of paralysis (40)
Scrolls
 d - 3 scrolls of enchant armour
 k - a scroll of vulnerability
 l - 4 scrolls of blinking
 o - a scroll of revelation
 q - a scroll of identify
 u - 2 scrolls of poison
 v - 3 scrolls of immolation
 H - 2 scrolls of fog {unknown}
 J - a scroll of amnesia
 N - a scroll of enchant weapon {unknown}
 O - 2 scrolls of noise {unknown}
 Q - a scroll of brand weapon {unknown}
Potions
 e - 2 potions of mutation {unknown}
 f - 2 potions of enlightenment {unknown}
 g - 3 potions of lignification {unknown}
 j - 2 potions of haste {unknown}
 m - 3 potions of curing
 n - a potion of brilliance {unknown}
 p - 3 potions of attraction {unknown}
 r - 2 potions of degeneration {unknown}
 w - a potion of resistance {unknown}
 E - 4 potions of heal wounds {unknown}
 F - a potion of magic {unknown}
 G - a potion of invisibility {unknown}
 I - a potion of might {unknown}
 K - a potion of berserk rage {unknown}


   Skills:
 + Level 9.6(14.6) Fighting
 + Level 11.0(16.0) Short Blades
 - Level 4.0(9.0) Ranged Weapons
 - Level 4.0(9.0) Throwing
 + Level 7.5(12.5) Dodging
 - Level 6.0(11.0) Stealth
 - Level 8.0 Invocations
 - Level 4.0 Evocations


You had 10 spell levels left.
You didn't know any spells.
Your spell library contained the following spells:

 Spells                   Type           Power      Damage    Failure   Level
 Olgreb's Toxic Radiance  Pois           0%         N/A       94%         4
 Ozocubu's Refrigeration  Ice            0%         4d7       100%        7
 Discord                  Hex            0%         N/A       100%        8
 Ignition                 Fire           0%         3d3       100%        8
 Polar Vortex             Ice            0%         N/A       100%        9
 Simulacrum               Ice/Necr       Unusable   N/A       N/A         6

Dungeon Overview and Level Annotations

Branches:
Dungeon (8/15)             Temple (0/1) D:5            Lair (3/5) D:8
  Swamp: Lair:2-3    Shoals: Lair:2-3     Snake: Lair:2-3    Spider: Lair:2-3

Altars:
Okawaru
Qazlal
Uskayaw
Vehumet
Wu Jian
Yredelemnul

Shops:
D:4 [   D:6 [   D:8 =

Portals:
Abyss: D:3

Annotations:
D:2 1 runed translucent door, Crazy Yiuf
D:3 2 transporters, HallandMoats's ghost, amateur DsFi


Innate Abilities, Weirdness & Mutations

You can breathe blasts of scalding, opaque steam.
Your pale cyan-grey scales are hard. (AC +7)
You cannot fit into any form of body armour.
You are cold-blooded and may be slowed by cold attacks.
You are immune to the effects of steam.


Message History

The catoblepas is heavily wounded.
You have got your breath back.
The catoblepas closely misses you.
You hit the catoblepas but do no damage.
The catoblepas looks as sick as possible!
The catoblepas is heavily wounded.
You hit the catoblepas.
The catoblepas looks as sick as possible!
The catoblepas is heavily wounded.
The catoblepas gores you but does no damage.
You puncture the catoblepas!
The catoblepas looks as sick as possible!
You tail-slap the catoblepas, but do no damage.
The catoblepas is severely wounded.
You hit the catoblepas but do no damage.
The catoblepas looks as sick as possible!
The catoblepas is severely wounded.
The catoblepas gores you!
You hit the catoblepas.
The catoblepas looks as sick as possible!
The catoblepas is severely wounded.
You barely miss the catoblepas.
The catoblepas is severely wounded.
The catoblepas gores you.
You hit the catoblepas.
The catoblepas looks as sick as possible!
The catoblepas is severely wounded.
You hit the catoblepas.
The catoblepas is almost dead.
The catoblepas gores you!!
* * * LOW HITPOINT WARNING * * *
You hit the catoblepas but do no damage.
The catoblepas looks as sick as possible!
The catoblepas is almost dead.
You hit the catoblepas but do no damage.
The catoblepas looks as sick as possible!
The catoblepas is almost dead.
The catoblepas completely misses you.
You feel better. The catoblepas gores you!!
You die...

.###.. .....
....# ##..##
##../.# .
#!....#....
#⌠.<.⌠.....
##YY.........
#@##.⌠..#....
######.......
.......
.......
####... ...


You could see a catoblepas (extremely poisoned) and a yak (poisoned).

Vanquished Creatures
  Harold (Lair:2)
  A two-headed ogre (D:8)
  A wolf spider (Lair:1)
  3 black mambas
  4 cane toads
  2 rime drakes
  3 komodo dragons
  A basilisk (Lair:1)
  A wraith (D:8)
  26 yaks
  4 water moccasins
  2 orc warriors
  A black bear (Lair:1)
  3 ogres
  An ice beast (D:7)
  27 wolves
  A centaur (D:6)
  A phantom (D:7)
  2 gnoll sergeants (D:6)
  Blork the orc (D:6)
  15 bullfrogs
  2 scorpions (D:5)
  3 killer bees (D:8)
  4 howler monkeys
  A jelly (D:6)
  4 hounds
  3 orc priests
  A gnoll bouda (D:7)
  2 sleepcaps
  5 iguanas
  Terence (D:3)
  Robin (D:3)
  16 gnolls
  6 adders
  A shadow imp (D:6)
  A white imp (D:6)
  2 ufetubi (D:5)
  3 worms
  4 dart slugs
  32 orcs
  6 endoplasms
  A giant cockroach (D:3)
  19 goblins
  5 hobgoblins
  8 jackals
  6 kobolds
  3 quokkas
  4 ball pythons
  6 bats
  A frilled lizard (D:1)
  5 rats
257 creatures vanquished.

Notes
Turn   | Place    | Note
-------+----------+-------------------------------------------
     0 | D:1      | juan097 the Draconian Brigand began the quest for the Orb.
     0 | D:1      | Reached XP level 1. HP: 17/17 MP: 1/1
   114 | D:1      | Reached XP level 2. HP: 24/25 MP: 2/2
   820 | D:2      | Reached XP level 3. HP: 30/30 MP: 3/3
  1224 | D:2      | Reached skill level 3 in Short Blades
  1425 | D:2      | Found a runed translucent door.
  1426 | D:2      | Noticed Crazy Yiuf
  2012 | D:3      | Reached XP level 4. HP: 37/37 MP: 4/4
  2153 | D:3      | Noticed Robin
  2212 | D:3      | Killed Robin
  2256 | D:3      | Found a faded altar of an unknown god.
  2525 | D:3      | Found a one-way gate to the infinite horrors of the Abyss.
  2525 | D:3      | Noticed HallandMoats's ghost (amateur DsFi)
  2636 | D:3      | Found a transporter.
  2639 | D:3      | Noticed Terence
  2647 | D:3      | Killed Terence
  2648 | D:3      | Reached XP level 5. HP: 44/45 MP: 5/5
  2712 | D:3      | Found a transporter.
  3105 | D:4      | Found an iron altar of Okawaru.
  3235 | D:4      | Reached skill level 4 in Short Blades
  3518 | D:4      | Found Vuipenin's Antique Armour Boutique.
  3707 | D:4      | Reached XP level 6. HP: 41/52 MP: 6/6
  3819 | D:4      | Reached skill level 5 in Short Blades
  4306 | D:4      | Found a hide-covered altar of Uskayaw.
  4307 | D:4      | Found an ornate altar of the Wu Jian Council.
  4453 | D:4      | Your scales start taking on a pale cyan-grey colour.
  4453 | D:4      | Reached XP level 7. HP: 55/59 MP: 7/7
  4453 | D:4      | Gained mutation: You are immune to the effects of steam.
                  | [Pale Draconian growth]
  4594 | D:4      | Became a worshipper of Warmaster Okawaru
  4610 | D:5      | Entered Level 5 of the Dungeon
  4777 | D:5      | Reached skill level 6 in Short Blades
  4854 | D:5      | Found a basalt altar of Yredelemnul.
  4867 | D:5      | Found a radiant altar of Vehumet.
  5060 | D:5      | Found a staircase to the Ecumenical Temple.
  5125 | D:5      | Reached skill level 7 in Short Blades
  5240 | D:5      | Noticed a yak
  5241 | D:5      | Noticed a yak
  5244 | D:5      | Noticed a yak
  5244 | D:5      | Noticed a yak
  5293 | D:5      | Killed a yak
  5293 | D:5      | Reached * piety under Okawaru
  5316 | D:5      | Killed a yak
  5317 | D:5      | Reached skill level 8 in Short Blades
  5317 | D:5      | Reached skill level 1 in Dodging
  5317 | D:5      | Reached XP level 8. HP: 65/66 MP: 8/8
  5410 | D:5      | Reached skill level 1 in Invocations
  5410 | D:5      | Reached skill level 1 in Evocations
  5927 | D:6      | Identified a scroll of acquirement
  5935 | D:6      | Acquired a +3 rapier of venom
  5975 | D:6      | Reached ** piety under Okawaru
  5997 | D:6      | Reached skill level 5 in Fighting
  6291 | D:6      | Found Sukyq's Armour Shop.
  6492 | D:6      | Reached XP level 9. HP: 71/74 MP: 11/11
  6694 | D:6      | Noticed Blork the orc
  6714 | D:6      | Killed Blork the orc
  7199 | D:7      | Found a stormy altar of Qazlal.
  7354 | D:7      | Reached skill level 1 in Ranged Weapons
  7551 | D:4      | Bought a smoking cloak for 304 gold pieces
  7551 | D:4      | Identified the +2 cloak "Aruw" {rCorr Int+5 SInv} (You
                  | bought it in a shop on level 4 of the Dungeon)
  8232 | D:8      | Found Jumo's Jewellery Shoppe.
  8323 | D:8      | Found a staircase to the Lair.
  8340 | D:8      | Reached *** piety under Okawaru
  8359 | D:8      | Reached skill level 9 in Short Blades
  8485 | D:8      | Noticed a two-headed ogre
  8836 | D:8      | Killed a two-headed ogre
  8985 | Lair:1   | Entered Level 1 of the Lair of Beasts
  8994 | Lair:1   | Noticed a cane toad
  9003 | Lair:1   | Killed a cane toad
  9003 | Lair:1   | Received a gift from Okawaru
  9004 | Lair:1   | Reached skill level 5 in Invocations
  9004 | Lair:1   | Reached XP level 10. HP: 74/84 MP: 13/13
  9379 | Lair:1   | Noticed a black mamba
  9469 | Lair:1   | Noticed a black mamba
  9484 | Lair:1   | Killed a black mamba
  9485 | Lair:1   | Reached skill level 5 in Dodging
  9713 | Lair:1   | Noticed a wolf spider
  9736 | Lair:1   | Killed a wolf spider
  9736 | Lair:1   | Reached **** piety under Okawaru
  9915 | Lair:1   | Reached skill level 10 in Short Blades
  9998 | Lair:1   | Noticed a cane toad
 10023 | Lair:1   | Killed a cane toad
 10284 | Lair:1   | Killed a black mamba
 10395 | Lair:1   | Reached XP level 11. HP: 67/94 MP: 15/15
 10564 | Lair:1   | Reached ***** piety under Okawaru
 11264 | Lair:1   | Reached skill level 5 in Stealth
 11477 | Lair:1   | Identified the scarf of the Pits of Slime {+Inv, rF- rN+++
                  | Int+3 Dex+3} (Okawaru gifted it to you on level 1 of the
                  | Lair of Beasts)
 11477 | Lair:1   | Received a gift from Okawaru
 12442 | Lair:2   | Noticed Harold
 12460 | Lair:2   | Killed Harold
 13154 | Lair:1   | Reached skill level 11 in Short Blades
 13618 | Lair:3   | Noticed a catoblepas
 13662 | Lair:3   | Slain by a catoblepas

Illustrated notes

Levels and vault maps discovered:
D:1:      amcnicky_arrival_blooded_trapdoor, layout_rooms
D:2:      layout_basic, uniq_crazy_yiuf_cottage
D:3:      layout_basic, ebering_ecumenical_altar_abandoned,
          gammafunk_ghost_abyssal_escape, uniq_terence, uniq_robin
D:4:      layout_loops_corners, okawaru_gym_becter,
          chequers_temple_overflow_statue_of_worship, serial_shops, shop
D:5:      nicolae_cairo_tiling_very_big, layout_cave_pools,
          mainiacjoe_overflow_big_doors, minmay_temple_entry_glass,
          kennysheep_generic_room_11
D:6:      layout_gridville, serial_shops, shop, hangedman_decor_opposing,
          grunt_decor_arrowhead, nicolae_grassy_gnolls, uniq_blork_the_orc
D:7:      layout_gridville, old_standard_altar
D:8:      layout_basic, lair_entry_dummy, serial_shops, nicolae_diamond_shop
Lair:1:   layout_cave_pods, nicolae_lair_run_with_the_wolves, grunt_megastairs_4
Lair:2:   layout_loops_ring, serial_bayou_lake_a, uniq_harold
Lair:3:   minmay_lair_venomous_thicket, layout_chaotic_city,
          minmay_shoals_entry_beasts, nicolae_spider_entry_non_spiders,
          basic_altar, grunt_megastairs_2, uniq_snorg

Skill      XL: |  1  2  3  4  5  6  7  8  9 10 11 |
---------------+----------------------------------+-----
Throwing       | 2 3 4 |  4.0
Stealth        | 4 6 |  6.0
Short Blades   | 3 4 5 8 9 10 11 | 11.0
Fighting       | 3 4 5 6 8 9 |  9.6
Dodging        | 1 2 4 6 7 |  7.5
Invocations    | 3 5 6 8 |  8.0
Evocations     | 3 4 |  4.0
Ranged Weapons | 3 4 |  4.0

Action                     |  1- 3 |  4- 6 |  7- 9 | 10-12 || total
---------------------------+-------+-------+-------+-------++-------
  Melee: Dagger            |    87 |   236 |   123 |       ||   446
         Tailslap          |     9 |    43 |    40 |    99 ||   191
         Punch             |     2 |     3 |     4 |    10 ||    19
         Rapier            |       |       |   146 |   484 ||   630
   Fire: Sling             |     3 |    35 |     5 |       ||    43
         Orcbow            |       |       |    43 |    65 ||   108
  Throw: Dart              |     1 |    12 |    39 |     1 ||    53
 Invoke: Heroism           |       |       |       |     4 ||     4
Ability: Breathe Steam     |       |       |     6 |     1 ||     7
  Evoke: Wand              |       |       |     4 |     6 ||    10
    Use: Scroll            |       |       |     8 |     2 ||    10
         Potion            |       |       |       |     3 ||     3
   Stab: Sleeping          |     7 |     7 |     7 |     1 ||    22
         Petrified         |       |       |       |     1 ||     1
         Paralysed         |       |       |       |     1 ||     1
 Armour: Skin              |    33 |    74 |    68 |   116 ||   291
  Dodge: Dodged            |    50 |    96 |   122 |   274 ||   542

Table legend: (Time is in decaauts)
 A = Elapsed time spent in this place.
 B = Non-inter-level travel time spent in this place.
 C = Inter-level travel time spent in this place.
 D = Time resting spent in this place.
 E = Time spent auto-exploring this place.
 F = Levels seen in this place.
 G = Mean time per level.
                   A        B        C        D        E       F      G
               +--------+--------+--------+--------+--------+-----+--------+
         Total |  13481 |  12529 |    952 |     25 |  10068 |  11 | 1225.5 |
       Dungeon |   9108 |   8368 |    740 |     25 |   6637 |   8 | 1138.5 |
          Lair |   4372 |   4160 |    212 |      0 |   3431 |   3 | 1457.3 |
               +--------+--------+--------+--------+--------+-----+--------+

Top non-repeatable levels by time:
  Lair:1: 2822 daAuts
     D:4: 1565 daAuts
  Lair:2: 1516 daAuts
     D:2: 1423 daAuts
     D:5: 1329 daAuts
     D:3: 1215 daAuts
     D:6: 1192 daAuts
     D:8: 977 daAuts
     D:7: 904 daAuts
     D:1: 498 daAuts
  Lair:3: 33 daAuts
